 Dungeon Crawl Stone Soup version 0.16.1-14-g82efdee (webtiles) character file.

95 wojtek the Cutter (level 4, 0/26 HPs)
             Began as a Kobold Assassin on Apr 12, 2015.
             Was an Initiate of Makhleb.
             Slain by Crazy Yiuf
             ... wielding a +3 quarterstaff of chaos
              (5 damage)
             ... on level 2 of the Dungeon.
             The game lasted 00:03:32 (1914 turns).

wojtek the Cutter (Kobold Assassin)                 Turns: 1914, Time: 00:03:32

Health: 0/26       AC:  3    Str:  9    XL:     4   Next: 97%
Magic:  4/4        EV: 13    Int: 10    God:    Makhleb [......]
Gold:   100        SH:  4    Dex: 17    Spells: 0 memorised, 3 levels left

rFire  . . .     SeeInvis .     b - +0 blowgun
rCold  . . .     Clarity  .     c - +0 robe
rNeg   . . .     SustAb   .     y - +0 buckler
rPois  .         Gourm    .     (no helmet)
rElec  .         Spirit   .     d - +0 cloak
rCorr  .         Warding  .     (no gloves)
rMut   .         Stasis   .     (no boots)
MR     .....                    (no amulet)
Stlth  +++.......               (no ring)
                                (no ring)

@: very slightly contaminated, drained, invisible, not resistant to hostile
enchantments, fairly stealthy
A: carnivore 3
a: Renounce Religion


You were on level 2 of the Dungeon.
You worshipped Makhleb.
Makhleb was noncommittal.
You were very full.

You visited 1 branch of the dungeon, and saw 2 of its levels.

You collected 100 gold pieces.

Inventory:

Hand weapons
 a - a +2 dagger
 b - a +0 blowgun (weapon)
Missiles
 e - 9 poisoned needles (quivered)
 f - 2 curare-tipped needles {=f}
 k - a throwing net {=f}
Armour
 c - a +0 robe (worn)
 d - a +0 cloak (worn)
 y - a +0 buckler (worn)
Scrolls
 i - 2 scrolls of random uselessness {unknown}
 l - 2 scrolls of identify {unknown}
 m - a scroll of magic mapping {unknown}
 n - a scroll of blinking {unknown}
 o - a scroll of amnesia {unknown}
 q - a scroll of fear {unknown}
 s - a scroll of teleportation {unknown}
 u - 2 scrolls of enchant weapon {unknown}
 w - a scroll of fog {unknown}
Potions
 h - a potion of might {unknown}
 j - a potion of agility {unknown}
 p - 2 potions of mutation {unknown}
 t - a potion of beneficial mutation {unknown}
 x - a potion of brilliance {unknown}
 z - a potion of magic {unknown}
Books
 v - a book of Dreams

   Spells                             Type                      Level
   a - Ensorcelled Hibernation        Hexes/Ice                    2
   b - Flight                         Charms/Air                   3
   c - Phase Shift                    Translocation                5
   d - Shadow Creatures               Summoning                    5
   e - Mass Confusion                 Hexes                        6
   f - Darkness                       Hexes                        7
Comestibles
 g - 2 meat rations
 r - a chunk of flesh


   Skills:
 + Level 2.1(1.8) Fighting
 + Level 6.2(5.8) Short Blades
 - Level 2.6(2.3) Throwing
 + Level 1.2(0.8) Dodging
 - Level 5.3(4.9) Stealth
 + Level 0.0 Shields


You had 3 spell levels left.
You didn't know any spells.

Dungeon Overview and Level Annotations

Branches:
Dungeon (2/15)

Altars:
Dithmenos
Fedhas
Gozag
Makhleb

Annotations:
D:2 Crazy Yiuf


Innate Abilities, Weirdness & Mutations

You are small and have problems with some larger weapons.
You are carnivorous and can eat meat at any time.


Message History

Crazy Yiuf hits you with a quarterstaff of chaos!
You fade into invisibility!
You are very lightly contaminated with residual magic.
Firing (i - inventory. (,) - cycle):
e - 11 poisoned needles (quivered)
Press: ? - help, Shift-Dir - straight line, f/p - Crazy Yiuf
Aim: Crazy Yiuf, wielding a quarterstaff of chaos and wearing a runed cloak (moderately wounded, poisoned)
You shoot a poisoned needle.
The poisoned needle barely misses Crazy Yiuf.
Crazy Yiuf misses you.
Crazy Yiuf yells, "Goober!
Citrus sanguine ena."
Firing (i - inventory. (,) - cycle):
e - 10 poisoned needles (quivered)
Press: ? - help, Shift-Dir - straight line, f/p - Crazy Yiuf
Aim: Crazy Yiuf, wielding a quarterstaff of chaos and wearing a runed cloak (heavily wounded, poisoned)
You shoot a poisoned needle.
The poisoned needle closely misses Crazy Yiuf.
Crazy Yiuf hits you with a quarterstaff of chaos!
Ouch! That really hurt!
* * * LOW HITPOINT WARNING * * *
You feel drained.
You die...

#..........#..#
#..###.#.#....# #..#
#......#.#
#..#####.##.#.#
#..)####.##.#.#
#....PP..##.#.#
#..P.PPP......# #####
#..PP_PP###[..####...##
#..P.P.P........@g....#
.#..PPP.###....###....#
.#####.........# #....#
.## ##.#####...# #.#..#
#.###..........# #(..##
##...######<...# ##.##
##.#..........# #(##
#.#.#####...## ##.#
#.#.# ##.### #.##


You could see Crazy Yiuf.

Vanquished Creatures
  3 adders (D:2)
  A giant mite (D:2)
  3 worms (D:2)
  An ooze (D:2)
  4 bats (D:2)
  5 giant cockroaches
  2 goblins
  6 hobgoblins
  4 jackals (D:2)
  4 kobolds
  4 giant newts (D:1)
  7 rats (D:2)
  A fungus (D:2)
45 creatures vanquished.

Notes
Turn   | Place    | Note
--------------------------------------------------------------
     0 | D:1      | wojtek, the Kobold Assassin, began the quest for the Orb.
     0 | D:1      | Reached XP level 1. HP: 12/12 MP: 1/1
   162 | D:1      | Reached XP level 2. HP: 14/17 MP: 2/2
   566 | D:2      | Reached XP level 3. HP: 21/21 MP: 3/3
  1038 | D:2      | Reached skill level 5 in Short Blades
  1119 | D:2      | Found an opulent altar of Gozag.
  1119 | D:2      | Found a burning altar of Makhleb.
  1127 | D:2      | Reached XP level 4. HP: 17/26 MP: 4/4
  1131 | D:2      | Became a worshipper of Makhleb the Destroyer
  1270 | D:2      | Found a shadowy altar of Dithmenos.
  1514 | D:2      | Reached skill level 6 in Short Blades
  1548 | D:2      | Found a blossoming altar of Fedhas.
  1897 | D:2      | Noticed Crazy Yiuf
  1914 | D:2      | Slain by Crazy Yiuf

Action                   |  1- 3 |  4- 6 || total
-------------------------+-------+-------++-------
Melee: Dagger            |    77 |    69 ||   146
 Fire: Blowgun           |    15 |     9 ||    24
 Stab: Sleeping          |     6 |     8 ||    14
  Eat: Chunk             |     9 |     2 ||    11
